 Dungeon Crawl Stone Soup version 0.27.0-1-g7a089689b8 (webtiles) character file.

Game seed: 13587757881571828684

1 SnakkuSnakku7 the Sneak (level 1, -2/10 HPs)
             Began as a Vampire Hedge Wizard on Aug 12, 2021.
             Slain by a hobgoblin (4 damage)
             ... on level 2 of the Dungeon.
             The game lasted 00:00:41 (388 turns).

SnakkuSnakku7 the Sneak (Vampire Hedge Wizard)       Turns: 388, Time: 00:00:42

Health: -2/10      AC:  2    Str:  9    XL:     1   Next: 16%
Magic:  4/4        EV: 12    Int: 16    God:
Gold:   13         SH:  0    Dex: 13    Spells: 5/6 levels left

rFire    . . .     SeeInvis +   a - +0 dagger
rCold    + + .     Faith    .   (no shield)
rNeg     + + +     Spirit   .   b - +0 robe
rPois    ∞         Reflect  .   c - +0 hat
rElec    .         Harm     .   (no cloak)
rCorr    .         Rampage  .   (no gloves)
Will     .....                  (no boots)
Stlth    ++++......             (no amulet)
HPRegen  0.00/turn              (no ring)
MPRegen  0.09/turn              (no ring)

@: bloodless, inhibited regen
A: bloodless, fangs 3, see invisible, vampiric 1
a: Revivify


You were on level 2 of the Dungeon.
You visited 1 branch of the dungeon, and saw 2 of its levels.

You collected 13 gold pieces.

Inventory:

Hand Weapons
 a - a +0 dagger (weapon)
Armour
 b - a +0 robe (worn)
 c - a +0 hat (worn)


   Skills:
 + Level 0.2 Short Blades
 - Level 2.1 Dodging
 + Level 3.1 Stealth
 - Level 3.0 Spellcasting
 - Level 0.6 Conjurations
 - Level 1.0 Summonings
 - Level 0.7 Translocations


You had 5 spell levels left.
You knew the following spells:

 Your Spells              Type           Power      Damage    Failure   Level
a - Magic Dart            Conj           16%        1d3       14%         1

Your spell library contained the following spells:

 Spells                   Type           Power      Damage    Failure   Level
 Call Imp                 Summ           5%         N/A       19%         2
 Blink                    Tloc           N/A        N/A       22%         2
 Slow                     Hex            2%         N/A       28%         2
 Conjure Flame            Conj/Fire      3%         6-21      45%         3
 Mephitic Cloud           Conj/Pois/Air  3%         N/A       45%         3


Dungeon Overview and Level Annotations

Branches:
Dungeon (2/15)

Altars:


Innate Abilities, Weirdness & Mutations

You do not regenerate when monsters are visible.
You are frail without blood (-20% HP).
You can heal yourself when you bite living creatures.
You are immune to poison.
You have razor-sharp teeth.
You have supernaturally acute eyesight. (SInv)
You are afflicted with vampirism.


Message History

The bat closely misses you. The bat barely misses you.
The bat barely misses you. x2
The bat completely misses you. The bat closely misses you.
The kobold shouts!
The bat closely misses you. The bat hits you.
* * * LOW HITPOINT WARNING * * *
The bat hits you but does no damage. The bat hits you.
* * * LOW HITPOINT WARNING * * *
The bat closely misses you.
Found a stone staircase leading down.
Found a book of Storms.
A dart slug comes into view.
There is a stone staircase leading down here.
You climb downwards.
There is a stone staircase leading up here.
You start resting.
HP restored.
Found a robe.
Found 16 arrows.
You see here a +0 robe.
You see here 16 arrows.
You see here 16 arrows.
Found 15 arrows.
Found 2 gold pieces.
You now have 13 gold pieces (gained 2).
A hobgoblin comes into view.
A hobgoblin is nearby!
The hobgoblin shouts!
The hobgoblin hits you.
You closely miss the hobgoblin. The hobgoblin hits you.
You hit the hobgoblin but do no damage. The hobgoblin misses you.
You closely miss the hobgoblin. The hobgoblin misses you.
You hit the hobgoblin but do no damage. The hobgoblin hits you.
* * * LOW HITPOINT WARNING * * *
You hit the hobgoblin.
The hobgoblin is lightly wounded.
The hobgoblin hits you.
You die...

#..(....#
#.###.### #.#
#.# #.# #.#
#.# #.# #.#
#.# #.# #.#
#.######.###.#
#....g@......#
#.######.#####
#.# #.# ..#
###


You could see a hobgoblin.

Vanquished Creatures
  A giant cockroach (D:1)
1 creature vanquished.

Notes
Turn   | Place    | Note
-------+----------+-------------------------------------------
     0 | D:1      | SnakkuSnakku7 the Vampire Hedge Wizard began the quest for
                  | the Orb.
     0 | D:1      | Reached XP level 1. HP: 13/13 MP: 4/4
   388 | D:2      | Slain by a hobgoblin

Illustrated notes

Levels and vault maps discovered:
D:1:      lemuel_arrival_lava_pool, layout_basic, hex_medium
D:2:      layout_loops_ring

Action                   || total
-------------------------++-------
Melee: Dagger            ||     6
       Bite              ||     1
 Abil: Exsanguinate      ||     1
Armor: Robe              ||     6
Dodge: Dodged            ||    19
